 Dungeon Crawl Stone Soup version 0.31-a0-145-g046c7d2549 (webtiles) character file.

Game seed: 11506305674044085747

1546956 PaperRat the Iron Dragon (level 26, 225/239 HPs)
             Began as a Grey Draconian Brigand on June 4, 2023.
             Was a High Priest of Nemelex Xobeh.
             Escaped with the Orb
             ... and 3 runes!
             The game lasted 06:36:21 (82414 turns).

PaperRat the Iron Dragon (Grey Draconian Brigand)  Turns: 82414, Time: 06:36:22

Health: 225/239    AC: 30    Str: 21    XL:     26   Next: 58%
Magic:  25/35      EV: 29    Int: 27    God:    Nemelex Xobeh [*****.]
Gold:   2031       SH: 21    Dex: 23    Spells: 15/50 levels left

rFire   + . .        a - +9 eveningstar (drain)
rCold   + . .        f - +5 kite shield {rC+}
rNeg    + . .        (body armour unavailable)
rPois   .            K - +3 crown of Dyrovepreva {rElec Int+2 SInv}
rElec   +            y - +2 cloak {Will+}
rCorr   .            W - +2 pair of gloves {Dex+3}
SInv    +            U - +3 pair of boots "Hiuffe" {Str+3 Int+4}
Will    +++..        E - amulet of regeneration
Stlth   +            N - ring of Diofoikh {rF+ rN+ Int+6 SInv Stlth-, =R}
HPRegen 1.39/turn    R - ring of Dityanie {EV+5 Dex+7 SInv Stlth-}
MPRegen 0.24/turn

%: no passive effects
@: no status effects
A: AC +17, amphibious, unfitting armour, cold-blooded, clumsy 1, dopey 1, low MP
1, strong-willed 1, no potion heal 1
0: Orb of Zot
}: 3/15 runes: serpentine, barnacled, slimy
a: Renounce Religion, Draw Escape, Draw Destruction, Draw Summoning, Draw Stack,
Triple Draw, Deal Four, Stack Five


You escaped.
You worshipped Nemelex Xobeh.
Nemelex Xobeh was extremely pleased with you.
You visited 12 branches of the dungeon, and saw 55 of its levels.
You also visited: Ossuary, Bailey, Ice Cave and Wizlab.

You collected 8604 gold pieces.
You spent 6573 gold pieces at shops.

Inventory:

Hand Weapons
 a - a +9 eveningstar of draining (weapon)
 w - a +4 eveningstar of flaming
Missiles
 t - 16 silver boomerangs
 D - 22 boomerangs (quivered)
 F - 3 curare-tipped darts
 G - 11 javelins
Armour
 f - a +5 kite shield of cold resistance (worn)
 y - a +2 cloak of willpower (worn)
 K - the +3 crown of Dyrovepreva (worn) {rElec Int+2 SInv}
   (You bought it in a shop on level 2 of the Orcish Mines)

   Int:       It affects your intelligence (+2).
   rElec:     It insulates you from electricity.
   SInv:      It lets you see invisible.
 Q - the +0 tower shield "Lezxadda" {rC+ rCorr Stlth+}
   (You found it on level 3 of the Crypt)

   rC:        It protects you from cold.
   rCorr:     It protects you from acid and corrosion.
   Stlth:     It makes you more stealthy.
 U - the +3 pair of boots "Hiuffe" (worn) {Str+3 Int+4}
   (You found it on level 1 of the Realm of Zot)

   Str:       It affects your strength (+3).
   Int:       It affects your intelligence (+4).
 W - a +2 pair of gloves of dexterity (worn)
Jewellery
 q - a ring of protection from fire
 r - a ring of resist corrosion
 A - a ring of poison resistance
 E - an amulet of regeneration (around neck)
 N - the ring of Diofoikh (left hand) {rF+ rN+ Int+6 SInv Stlth-, =R}
   (You found it in a wizard's laboratory)

   [ring of intelligence]

   Int:       It affects your intelligence (+6).
   rF:        It protects you from fire.
   rN:        It protects you from negative energy.
   SInv:      It lets you see invisible.
   Stlth:     It makes you less stealthy.
 R - the ring of Dityanie (right hand) {EV+5 Dex+7 SInv Stlth-}
   (You found it in a wizard's laboratory)

   [ring of evasion]

   EV:        It affects your evasion (+5).
   Dex:       It affects your dexterity (+7).
   SInv:      It lets you see invisible.
   Stlth:     It makes you less stealthy.
Wands
 b - a wand of iceblast (20)
 c - a wand of quicksilver (7)
 d - a wand of digging (16)
 n - a wand of paralysis (38)
 z - a wand of mindburst (10)
Scrolls
 e - 13 scrolls of fear {@r4}
 g - 2 scrolls of enchant armour
 i - 19 scrolls of teleportation {@r3}
 j - 2 scrolls of poison
 u - 6 scrolls of blinking {@r5}
 x - 7 scrolls of vulnerability
 I - 4 scrolls of immolation
 L - 3 scrolls of fog {@r2}
 O - a scroll of magic mapping
Potions
 h - 27 potions of curing {@q1}
 k - 5 potions of magic
 o - a potion of haste {@q4}
 p - 3 potions of mutation {@q6}
 s - a potion of lignification
 v - 7 potions of heal wounds {@q2}
 H - 5 potions of enlightenment
 J - 4 potions of cancellation
 M - a potion of resistance
 T - 6 potions of ambrosia
 Y - 2 potions of invisibility
Miscellaneous
 B - a phantom mirror
 C - a tin of tremorstones (2/2)
 V - a lightning rod (4/4)
 X - a sack of spiders
 Z - a phial of floods (inert)


   Skills:
 - Level 20.0 Fighting
 - Level 3.4 Short Blades
 - Level 16.0 Maces & Flails
 - Level 11.0 Polearms
 - Level 12.0 Throwing
 + Level 14.8 Dodging
 - Level 6.0 Stealth
 - Level 16.2 Shields
 - Level 12.5 Spellcasting
 - Level 4.0 Necromancy
 - Level 4.0 Translocations
 - Level 4.0 Transmutations
 O Level 27 Earth Magic
 - Level 20.0 Invocations
 + Level 18.4 Evocations


You had 15 spell levels left.
You knew the following spells:

 Your Spells              Type           Power      Damage    Failure   Level
a - Borgnjor's Vile Clut  Necr/Erth      39%        N/A       1%          5
b - Wereblood             Tmut           38%        N/A       1%          2
d - Petrify               Tmut/Erth      79%        N/A       1%          4
e - Shatter               Erth           52%        3d39*     8%          9
f - Lee's Rapid Deconstr  Erth           52%        3d24*     0%          5
g - Passwall              Tmut/Erth      65%        N/A       0%          2
s - Leda's Unmaking       Conj/Erth      37%        9d6       3%          6
t - Blink                 Tloc           76%        N/A       1%          2

Your spell library contained the following spells:

 Spells                   Type           Power      Damage    Failure   Level
 Sandblast                Erth           100%       2d20      0%          1
 Beastly Appendage        Tmut           76%        N/A       1%          1
 Necrotise                Necr           100%       1d9       1%          1
 Lesser Beckoning         Tloc           76%        N/A       1%          2
 Sublimation of Blood     Necr           38%        N/A       1%          2
 Stone Arrow              Conj/Erth      100%       3d13      1%          3
 Leda's Liquefaction      Hex/Erth       37%        N/A       1%          4
 Statue Form              Tmut/Erth      52%        N/A       1%          6
 Kiss of Death            Conj/Necr      100%       2d13      2%          1
 Momentum Strike          Conj/Tloc      54%        3d9       3%          2
 Magic Dart               Conj           64%        1d6       4%          1
 Shock                    Conj/Air       64%        1d7       4%          1
 Summon Small Mammal      Summ           64%        N/A       4%          1
 Spider Form              Tmut/Pois      27%        N/A       6%          3
 Volatile Blastmotes      Fire/Tloc      54%        2d14      6%          3
 Call Imp                 Summ           32%        N/A       8%          2
 Ensorcelled Hibernation  Hex/Ice        32%        N/A       8%          2
 Searing Ray              Conj           32%        2d5       8%          2
 Static Discharge         Conj/Air       32%        2-4/arc   8%          2
 Ignite Poison            Fire/Tmut/Pois 24%        N/A       9%          3
 Animate Dead             Necr           38%        N/A       10%         4
 Dispel Undead            Necr           38%        3d16      10%         4
 Passage of Golubria      Tloc           38%        N/A       10%         4
 Call Canine Familiar     Summ           16%        N/A       14%         3
 Confusing Touch          Hex            16%        N/A       14%         3
 Frozen Ramparts          Ice            32%        1d5       14%         3
 Inner Flame              Hex/Fire       16%        N/A       14%         3
 Mephitic Cloud           Conj/Pois/Air  16%        N/A       14%         3
 Summon Guardian Golem    Hex/Summ       16%        N/A       14%         3
 Tukima's Dance           Hex            16%        N/A       14%         3
 Anguish                  Hex/Necr       13%        N/A       22%         4
 Ice Form                 Ice/Tmut       27%        N/A       22%         4
 Iskenderun's Mystic Bla  Conj/Tloc      27%        2d7       22%         4
 Blade Hands              Tmut           19%        N/A       26%         5
 Airstrike                Air            8%         2d(2-18)  43%         4
 Flame Wave               Conj/Fire      16%        2d7       43%         4
 Fulminant Prism          Conj/Hex       8%         3d7       43%         4
 Sticky Flame             Conj/Fire      16%        2d4       43%         4
 Summon Ice Beast         Ice/Summ       16%        N/A       43%         4
 Summon Lightning Spire   Summ/Air       16%        N/A       43%         4
 Irradiate                Conj/Tmut      13%        3d16      52%         5
 Summon Forest            Summ/Tloc      13%        N/A       52%         5
 Yara's Violent Unravell  Hex/Tmut       13%        3d7       52%         5
 Lehudib's Crystal Spear  Conj/Erth      37%        10d9      77%         8
 Iskenderun's Battlesphe  Conj           16%        2d7       80%         5
 Silence                  Hex/Air        8%         N/A       80%         5
 Summon Mana Viper        Hex/Summ       16%        N/A       80%         5
 Death Channel            Necr           19%        N/A       82%         6
 Eringya's Noxious Bog    Tmut/Pois      13%        N/A       97%         6
 Conjure Ball Lightning   Conj/Air       8%         3x3d6     100%        6
 Enfeeble                 Hex            8%         N/A       100%        7
 Haunt                    Necr/Summ      13%        N/A       100%        7
 Malign Gateway           Summ/Tloc      13%        N/A       100%        7
 Orb of Destruction       Conj           8%         9d6       100%        7
 Spellforged Servitor     Conj/Summ      8%         N/A       100%        7
 Summon Hydra             Summ           8%         N/A       100%        7
 Discord                  Hex            8%         N/A       100%        8
 Disjunction              Tloc           19%        N/A       100%        8
 Ignition                 Fire           8%         3d5       100%        8
 Infestation              Necr           19%        N/A       100%        8
 Summon Horrible Things   Summ           8%         N/A       100%        8
 Chain Lightning          Conj/Air       8%         3d10      100%        9
 Dragon's Call            Summ           8%         N/A       100%        9
 Fire Storm               Conj/Fire      8%         8d2       100%        9
 Animate Armour           Summ/Erth      Unusable   N/A       N/A         4

Dungeon Overview and Level Annotations

Branches:
Dungeon (15/15)            Temple (1/1) D:6            Lair (5/5) D:10
 Shoals (4/4) Lair:3        Snake (4/4) Lair:2        Slime (5/5) Lair:4
    Orc (2/2) D:12            Elf (3/3) Orc:2        Vaults (4/5) D:13
  Crypt (3/3) Vaults:3       Tomb (0/3) Crypt:3      Depths (4/4) D:15
    Zot (5/5) Depths:4    Ossuary (visited)          Bailey (visited)
  IceCv (visited)          WizLab (visited)

Altars:
Ashenzari
Cheibriados
Dithmenos
Elyvilon
Fedhas
Gozag
Hepliaklqana
Kikubaaqudgha
Makhleb
Nemelex Xobeh
Okawaru
Qazlal
Ru
Sif Muna
Trog
Uskayaw
Vehumet
Wu Jian
Xom
Yredelemnul
Zin
The Shining One
Jiyva

Shops:
D:5 [*   D:7 (   D:8 ?   Orc:1 :   Orc:2 **[:(   Elf:1 =:=   Elf:3 *
Shoals:2 :   Vaults:1 [   Vaults:2 :   Depths:1 ?   Depths:3 :(

Portals:
Hell: Depths:1 Depths:2 Depths:3 Depths:4
Abyss: Depths:3
Pandemonium: Depths:2 Depths:4
Ziggurat: Depths:2


Innate Abilities, Weirdness & Mutations

Your dull iron-grey scales are very hard. (AC +17)
You are amphibious.
You cannot fit into any form of body armour.
You are cold-blooded and may be slowed by cold attacks.
You are clumsy. (Dex -2)
You are dopey. (Int -2)
Your magical capacity is low. (-10% MP)
You are strong-willed. (Will+)
Potions are less effective at restoring your health.


Message History

Press: ? - help, Shift-Dir - straight line, f/p - Liufic
Aim: Liufic, armed with an electric touch (covered in acid, ally target)
The bolt of acid hits Liufic.
Liufic seems to be corroded for longer.
Liufic is lightly wounded.
You deal a card...
You have dealt Pain.
Press: ? - help, Shift-Dir - straight line, f/p - Liufic
Aim: Liufic, armed with an electric touch (lightly wounded, covered in acid, ally target)
The bolt of negative energy hits Liufic.
Liufic completely resists.
Liufic is lightly wounded.
You hear a hideous shriek!
Your orb of destruction hits a rock wall.
A hellion comes into view.
The hellion gestures at you.
The sphere of damnation explodes!
The damnation engulfs you!!
Okay, then.
Casting: Borgnjor's Vile Clutch (mildly dangerous; 1% risk of failure)
Confirm with . or Enter, or press ? or * to list all spells.
Aiming: Borgnjor's Vile Clutch (mildly dangerous; 1% risk of failure)
Press: ? - help, Shift-Dir - straight line, f/p - Liufic
Aim: Liufic, armed with an electric touch (covered in acid, 100% to hit)
Zombie hands grab Liufic.
The zombie hands constrict Liufic, but do no damage.
Liufic struggles to escape constriction. x2
The zombie hands constrict Liufic.
Liufic escapes!
Throw: throwing net {!f}
Press: ? - help, Shift-Dir - straight line, f/p - Liufic
Aim: Liufic, armed with an electric touch (lightly wounded, covered in acid, 71% to hit)
You throw a throwing net {!f}. The throwing net {!f} hits Liufic.
Liufic is caught in the net!
Liufic is lightly wounded.
Liufic struggles against the net.
Liufic struggles against the net.
Liufic struggles against the net.
There is an open gate here.
Blink to where?
Press: ? - help, Dir - move target
As you read the scroll of blinking {@r5}, it crumbles to dust.
You have escaped!

♣♣..##....#######
♣♣...##....#......
♣....##...2#.##...
♣♣....##....&......
♣......#########...
♣.......##.....&...
♣.8..8..8#.#####.^.
♣♣........'.........
♣..@......'..#######
♣♣........'..#
♣.8..8..8#..# ##
♣♣......##..# #.
♣.....###..# #.
♣♣...##.#..# #.
♣...#..#..# #.
♣...#..#..# #.
♣...#..#..### #.


There were no monsters in sight!

Vanquished Creatures
  the Royal Jelly (Slime:5)
  2 dread liches
  7 orbs of fire
  3 juggernauts
  Josephina (Crypt:2)
  Vv (Crypt:2)
  Bai Suzhen (Crypt:2)
  5 Killer Klowns
  Parghit (Depths:4)
  Margery (Vaults:3)
  Saint Roka (Snake:4)
  Xtahua (Crypt:2)
  A curse toe (Zot:5)
  11 golden dragons
  A Hellbinder (WizLab)
  A profane servitor (Crypt:3)
  3 electric golems
  A bone dragon (Crypt:3)
  A hellephant (Depths:4)
  A shard shrike skeleton (Crypt:2)
  A walking earthen tome (Depths:2)
  A Hell Sentinel (D:13)
  17 tentacled monstrosities
  21 Orb Guardians
  A titan (Depths:4)
  3 liches
  A deep elf blademaster (Elf:3)
  5 quicksilver dragons
  A walking frostbound tome (Depths:4)
  A deep elf master archer (Elf:3)
  2 death cobs
  7 ancient champions
  5 acid blobs
  4 tengu reavers
  5 sphinxes
  Donald (Orc:2)
  8 draconian monks
  5 shadow dragons
  15 storm dragons
  4 azure jellies
  5 draconian knights
  An emperor scorpion (Zot:3)
  3 revenants
  4 nagarajas (Snake:4)
  5 frost giants
  5 fire giants
  3 ghost moths
  7 deep elf sorcerers
  8 draconian scorchers
  10 vault wardens
  A curse skull (Crypt:1)
  7 draconian stormcallers
  A cacodemon (WizLab)
  4 deep elf elementalists (Elf:3)
  An orc warlord (Vaults:4)
  7 ghouls
  5 draconian annihilators
  The ghost of Penici the Severer, a journeyman MiFi of Gozag (D:15)
  12 draconian shifters
  4 reapers
  3 formless jellyfish
  10 ironbound thunderhulks
  11 very ugly things
  10 ironbound preservers
  6 quicksilver oozes
  11 purple draconians
  11 white draconians
  7 deep elf demonologists
  12 stone giants
  8 deep elf annihilators
  5 vampire knights
  20 black draconians
  Nessos (D:14)
  A minotaur (Zot:1)
  11 green draconians
  13 red draconians
  3 blizzard demons
  5 dire elephants
  9 spark wasps
  3 eidola
  16 yellow draconians
  A crystal guardian (Vaults:4)
  7 ettins
  A green death (WizLab)
  7 merfolk impalers
  8 deep elf death magi
  A spectral spriggan (Crypt:3)
  7 fire dragons
  13 jiangshi
  3 merfolk javelineers (Shoals:3)
  8 great orbs of eyes
  5 deep elf high priests
  2 entropy weavers
  10 yaktaur captains
  A rakshasa (Depths:2)
  A hell beast (Depths:1)
  An ogre mage (D:15)
  A peacekeeper (Vaults:4)
  5 ice dragons
  6 hydras
  Fannar (D:12)
  3 death knights
  A merfolk avatar (Shoals:4)
  4 spriggan air magi (Depths:4)
  3 salamander tyrants
  5 vault guards
  3 anacondas
  10 ironbound frosthearts
  5 catoblepae
  27 centaur warriors
  2 alligator snapping turtles
  18 naga warriors
  8 two-headed ogres
  9 tengu warriors
  4 satyrs (Shoals:4)
  A fenstrider witch skeleton (Crypt:1)
  6 boulder beetles
  3 death yaks (D:9)
  6 deep troll shamans
  6 spriggan berserkers
  8 vampire magi
  2 hell hogs
  21 dancing weapons
  10 deep troll earth magi
  A titan zombie (Crypt:1)
  14 naga sharpshooters
  6 shock serpents
  16 deep elf knights
  9 hell knights
  A storm dragon zombie (Depths:1)
  Nergalle (D:12)
  A bennu skeleton (Crypt:1)
  5 soul eaters
  6 sun demons
  5 skysharks
  2 sixfirhies
  51 skeletal warriors
  2 shadow wraiths (Crypt:3)
  17 iron trolls
  2 fire crabs
  9 salamander mystics
  10 sea snakes
  2 golden dragon zombies (Crypt:1)
  A goliath frog (Shoals:2)
  A spectral iron dragon (Crypt:3)
  28 deep trolls
  7 flayed ghosts
  A spriggan simulacrum (Crypt:1)
  3 shadow demons
  3 lindwurms
  3 wizards
  15 deep elf archers
  2 orange crystal statues (IceCv)
  16 phantasmal warriors
  An anaconda skeleton (Crypt:2)
  14 harpies
  4 glowing orange brains
  21 deep elf zephyrmancers
  A fenstrider witch simulacrum (Crypt:2)
  5 orc knights
  A harpy (shapeshifter) (Depths:3)
  18 ironbound convokers
  4 naga ritualists
  2 wolf spiders
  9 mana vipers
  16 necromancers
  29 ugly things
  35 deep elf pyromancers
  A fire giant zombie (Depths:1)
  4 orc sorcerers
  A tengu skeleton (Depths:2)
  2 shining eyes (Slime:3)
  A glowing shapeshifter (Shoals:2)
  12 manticores
  17 fauns
  18 moths of wrath
  A stone giant zombie (Crypt:1)
  28 salamanders
  5 cyclopes
  2 frost giant skeletons
  2 elephants
  5 merfolk sirens
  8 guardian serpents
  25 naga magi
  An eye of devastation (Shoals:2)
  A rust devil (WizLab)
  7 smoke demons
  6 water nymphs
  41 black mambas
  6 cane toads
  A stone giant skeleton (Depths:1)
  18 vault sentinels
  7 orange demons
  2 gargoyles
  2 centaur skeletons
  3 hellions
  13 komodo dragons
  3 kobold demonologists
  2 efreet
  A komodo dragon (shapeshifter) (Depths:2)
  2 rime drakes
  27 yaktaurs
  A catoblepas skeleton (Crypt:1)
  5 tengu conjurers
  2 anaconda simulacra (IceCv)
  4 golden dragon simulacra (IceCv)
  13 freezing wraiths
  4 red devils
  An ice devil (WizLab)
  2 queen bees
  15 polar bears
  A black draconian skeleton (Crypt:2)
  8 trolls
  30 merfolk
  3 wind drakes
  A meliai (Snake:1)
  4 hornets (Depths:4)
  4 raiju
  An iron dragon simulacrum (Crypt:3)
  2 tarantellas
  10 blink frogs
  A shadow dragon simulacrum (Crypt:1)
  2 harpy skeletons (Crypt:2)
  3 snapping turtles
  A dream sheep (Vaults:1)
  74 slime creatures
  3 air elementals
  A draconian simulacrum (Crypt:2)
  6 wraiths
  50 flying skulls (Crypt:3)
  A meliai zombie (D:15)
  4 shadows
  4 spriggans (Depths:4)
  2 vampires
  3 ynoxinuls
  A dire elephant simulacrum (IceCv)
  5 water elementals
  5 wyverns
  An alligator skeleton (Crypt:1)
  A centaur simulacrum (Crypt:2)
  A naga simulacrum (Crypt:2)
  2 fire elementals (Elf:2)
  22 yaks
  4 basilisks
  A hog (Snake:4)
  4 fire bats
  A chaos spawn (Zot:1)
  3 redbacks
  2 steam dragons
  2 vampire mosquitoes (D:14)
  34 nagas
  8 wargs
  2 harpy simulacra (IceCv)
  2 hydra simulacra (IceCv)
  12 hell hounds (Lair:5)
  15 water moccasins
  5 acid dragons
  A human skeleton (Depths:2)
  2 floating eyes
  26 orc warriors
  A faun skeleton (Crypt:2)
  A swamp drake (Lair:5)
  2 sky beasts
  4 alligator simulacra (IceCv)
  15 black bears
  3 ettin simulacra
  29 wolves
  The ghost of senseless the Shooter, an amateur DgHu (D:3)
  9 ogres
  5 boggarts (D:14)
  11 centaurs
  A phantom (D:5)
  4 small abominations (Crypt:3)
  2 kobold brigands
  A yaktaur zombie (Crypt:1)
  6 necrophages
  8 gnoll sergeants
  7 bullfrogs
  A draconian skeleton (Crypt:2)
  3 scorpions
  2 earth elementals
  A cyclops skeleton (Crypt:2)
  15 wights
  3 water moccasin skeletons (D:3)
  A swamp dragon simulacrum (Crypt:2)
  A queen bee zombie (Crypt:1)
  5 killer bees
  A lindwurm simulacrum (IceCv)
  A troll zombie (Orc:1)
  A warg skeleton (Orc:1)
  8 vampire bats (Bailey)
  A howler monkey (Orc:2)
  8 wolf zombies (Bailey)
  A bullfrog zombie (D:3)
  2 electric eels
  5 centaur zombies
  5 hounds
  A quasit (D:12)
  2 human zombies (Ossuary)
  4 gnoll boudas
  23 orc priests
  A bullfrog skeleton (D:3)
  7 jellies
  11 iguanas
  2 sleepcaps
  Jessica (D:2)
  40 orc wizards
  2 hell rats (D:10)
  A boggart skeleton (D:15)
  A naga zombie (Crypt:1)
  2 ogre skeletons (Orc:1)
  3 mummies (Ossuary)
  23 gnolls
  12 adders
  2 ogre simulacra (Orc:1)
  A river rat (D:10)
  3 orc skeletons (Orc:1)
  A gnoll skeleton (Orc:1)
  A shadow imp (D:7)
  2 white imps
  5 ufetubi
  An adder zombie (Ossuary)
  A worm (shapeshifter) (Depths:2)
  4 worms
  2 dart slugs
  80 orcs
  An orc simulacrum (Orc:1)
  3 endoplasms
  2 giant cockroaches
  2 gnoll zombies (Ossuary)
  10 goblins
  9 hobgoblins
  12 jackals
  13 kobolds
  6 quokkas
  6 ball pythons
  5 bats
  2 dart slug zombies
  3 frilled lizards
  2 goblin zombies (Ossuary)
  3 hobgoblin zombies (Ossuary)
  2 jackal zombies (Ossuary)
  9 kobold zombies (Ossuary)
  32 orc zombies
  5 quokka zombies (Ossuary)
  6 rats
  3 rat zombies (Ossuary)
  A river rat skeleton (Crypt:2)
2331 creatures vanquished.

Vanquished Creatures (collateral kills)
  3 orbs of fire (Zot:5)
  Nikola (Vaults:1)
  A golden dragon (Zot:1)
  7 acid blobs (Slime:5)
  Gastronok (Orc:1)
  Kirke (Snake:4)
  A storm dragon (Snake:1)
  Roxanne (Snake:4)
  A nagaraja (Snake:1)
  2 rockslimes (Slime:5)
  2 azure jellies (Slime:5)
  Louise (Shoals:1)
  A draconian shifter (Zot:5)
  A caustic shrike zombie (Depths:2)
  The ghost of mn3067 the Warrior, a journeyman GrGl of Okawaru (Lair:5)
  2 formless jellyfish (Slime:5)
  A caustic shrike skeleton (Depths:2)
  A very ugly thing (D:12)
  A stone giant (Depths:2)
  A demonspawn blood saint (WizLab)
  A black draconian (Zot:5)
  3 dire elephants (Vaults:1)
  A great orb of eyes (Vaults:1)
  A spriggan air mage (Depths:4)
  A hell beast (WizLab)
  A deep troll shaman (Depths:2)
  A deep troll earth mage (Depths:2)
  A soul eater (WizLab)
  2 deep trolls (Depths:2)
  A swamp dragon (Lair:5)
  A shadow dragon zombie (Depths:2)
  4 wizards
  A necromancer (Depths:2)
  4 ugly things (Depths:2)
  An orc sorcerer (Orc:2)
  A shining eye (Slime:5)
  A moth of wrath (Zot:5)
  An eye of devastation (Slime:5)
  A rust devil (WizLab)
  A hellion (WizLab)
  A komodo dragon (Lair:5)
  2 red devils (WizLab)
  A snapping turtle (Shoals:1)
  A meliai zombie (D:15)
  10 slime creatures (Slime:5)
  A hog (Snake:4)
  A neqoxec (WizLab)
  A steam dragon (Lair:5)
  An orc warrior (Orc:2)
  2 orc priests (Orc:2)
  A boggart zombie (D:15)
  2 orc wizards (Orc:2)
  3 orcs (Orc:2)
87 creatures vanquished.

Vanquished Creatures (others)
  A fire giant (Depths:2)
  A draconian knight (Zot:1)
  An ironbound thunderhulk (Vaults:1)
  A naga warrior (Snake:1)
  3 deep elf knights
  A naga ritualist (Snake:1)
  An orc sorcerer (Elf:1)
  A large abomination (Zot:5)
  A human (Snake:4)
  A chaos spawn (WizLab)
  A swamp drake (Lair:5)
  An iguana (Lair:5)
  An orc wizard (Orc:2)
15 creatures vanquished.

Grand Total: 2433 creatures vanquished

Notes
Turn   | Place    | Note
-------+----------+-------------------------------------------
     0 | D:1      | PaperRat the Draconian Brigand began the quest for the Orb.
     0 | D:1      | Reached XP level 1. HP: 17/17 MP: 1/1
   422 | D:1      | Reached XP level 2. HP: 25/25 MP: 2/2
  1118 | D:1      | Reached XP level 3. HP: 31/31 MP: 3/3
  1451 | D:2      | Found a hide-covered altar of Uskayaw.
  1693 | D:2      | Noticed Jessica
  1696 | D:2      | Killed Jessica
  1697 | D:2      | Reached XP level 4. HP: 39/39 MP: 4/4
  1848 | D:3      | Gained mutation: Your flesh is heat resistant. (rF+)
                  | [potion of mutation]
  1877 | D:3      | Found a faded altar of an unknown god.
  1934 | D:3      | Found a snail-covered altar of Cheibriados.
  2536 | D:3      | Reached XP level 5. HP: 46/46 MP: 5/5
  2647 | D:3      | Found a runed translucent gate.
  2647 | D:3      | Found a runed translucent gate.
  2648 | D:3      | Found a runed translucent gate.
  2649 | D:3      | Noticed senseless's ghost (amateur DgHu)
  2713 | D:3      | Found a shimmering altar of Xom.
  2714 | D:3      | Found a hazy altar of Hepliaklqana.
  2715 | D:3      | Noticed a spectral ugly thing
  3117 | D:4      | Reached skill level 1 in Evocations
  3292 | D:4      | Noticed a black bear
  3309 | D:4      | Killed a black bear
  3310 | D:4      | Reached skill level 1 in Maces & Flails
  3310 | D:4      | Reached XP level 6. HP: 46/55 MP: 6/6
  3399 | D:4      | Found Arucyfus's Jewellery Emporium.
  3402 | D:4      | Reached skill level 5 in Maces & Flails
  3402 | D:4      | Reached skill level 5 in Dodging
  3402 | D:4      | Reached skill level 5 in Invocations
  3402 | D:4      | Your scales start taking on a dull iron-grey colour.
  3402 | D:4      | Reached XP level 7. HP: 67/67 MP: 11/11
  3663 | D:4      | Identified the +1 leather armour of Muttered Phrases {rPois
                  | Will+ Regen+}
  3717 | D:4      | Found a broken altar of Ashenzari.
  3720 | D:4      | Found an ancient bone altar of Kikubaaqudgha.
  3762 | D:4      | Reached XP level 8. HP: 74/74 MP: 12/12
  3996 | D:5      | Entered Level 5 of the Dungeon
  4192 | D:5      | Found Wylismakh's Armour Shop.
  4220 | D:5      | Found Mahotrij's Mayhem Merchandise.
  4246 | D:5      | Bought a wand of iceblast (3) for 100 gold pieces
  5190 | D:6      | Reached XP level 9. HP: 82/82 MP: 13/13
  5289 | D:6      | Found a sacrificial altar of Ru.
  5529 | D:6      | Found a staircase to the Ecumenical Temple.
  5599 | Temple   | Entered the Ecumenical Temple
  5677 | Temple   | Became a worshipper of Nemelex Xobeh the Trickster
  6144 | D:6      | Learned a level 2 spell: Wereblood
  6231 | D:7      | Reached skill level 1 in Transmutations
  6290 | D:7      | Found a glowing silver altar of Zin.
  6387 | D:7      | Found a sand-covered staircase.
  6391 | Ossuary  | Entered an ossuary
  6737 | D:7      | Reached * piety under Nemelex Xobeh
  6883 | D:7      | Reached skill level 10 in Fighting
  7240 | D:6      | Reached XP level 10. HP: 88/93 MP: 14/14
  7304 | D:7      | Found Qosufetu's Antique Weapon Boutique.
  7460 | D:8      | Received a gift from Nemelex Xobeh
  8320 | D:8      | Found Isuo's Magic Scroll Emporium.
  8328 | D:8      | Bought a scroll of fog for 44 gold pieces
  8328 | D:8      | Bought a scroll of enchant weapon for 82 gold pieces
  8328 | D:8      | Bought a scroll of identify for 22 gold pieces
  8328 | D:8      | Bought a scroll of poison for 44 gold pieces
  8415 | D:8      | Identified the +0 cloak of the Sun {Slay+3}
  8563 | D:8      | Found an ornate altar of the Wu Jian Council.
  8637 | D:8      | Noticed a two-headed ogre
  8678 | D:8      | Killed a two-headed ogre
  8679 | D:8      | Reached skill level 1 in Shields
  8899 | D:9      | Found a stormy altar of Qazlal.
  8944 | D:9      | Reached ** piety under Nemelex Xobeh
  9417 | D:9      | Noticed a two-headed ogre
  9447 | D:9      | Killed a two-headed ogre
  9448 | D:9      | Reached XP level 11. HP: 102/102 MP: 15/15
 10251 | D:9      | Found a stormy altar of Qazlal.
 10448 | D:10     | Entered Level 10 of the Dungeon
 10587 | D:10     | Found a flagged portal.
 10601 | Bailey   | Entered a bailey
 10672 | Bailey   | Reached skill level 5 in Shields
 11014 | Bailey   | Reached XP level 12. HP: 107/112 MP: 18/18
 11188 | Bailey   | Identified the +0 cloak of the Minstrel {Harm rC+ Str+6}
 11330 | D:10     | Received a gift from Nemelex Xobeh
 11361 | D:10     | Identified the +2 robe "Jaachouf" {+Blink Dex-2 Slay+2}
 11570 | D:10     | Noticed a death yak
 11592 | D:10     | Noticed a death yak
 11602 | D:10     | Noticed a death yak
 11647 | D:9      | Killed a death yak
 11914 | D:9      | Killed a death yak
 11988 | D:9      | Killed a death yak
 12122 | D:10     | Found a staircase to the Lair.
 12178 | D:10     | Paralysed by a centaur for 4 turns
 12691 | Lair:1   | Entered Level 1 of the Lair of Beasts
 12933 | Lair:1   | Noticed a boulder beetle
 12944 | Lair:1   | Killed a boulder beetle
 13148 | Lair:1   | Noticed a catoblepas
 13166 | Lair:1   | Killed a catoblepas
 13192 | Lair:1   | Reached *** piety under Nemelex Xobeh
 14459 | Lair:2   | Reached **** piety under Nemelex Xobeh
 14467 | Lair:2   | Received a gift from Nemelex Xobeh
 14508 | Lair:2   | Found a staircase to the Snake Pit.
 14539 | Lair:2   | Noticed a five-headed hydra
 14553 | Lair:2   | Killed a five-headed hydra
 14588 | Lair:2   | Reached XP level 13. HP: 119/119 MP: 19/19
 14977 | Lair:3   | Found a transporter.
 14983 | Lair:3   | Found a transporter.
 15018 | Lair:3   | Identified a scroll of acquirement
 15019 | Lair:3   | Acquired the +3 hat of Bedoh {+Blink Regen+}
 15086 | Lair:3   | Received a gift from Nemelex Xobeh
 15314 | Lair:3   | Reached skill level 10 in Shields
 15345 | Lair:3   | Received a gift from Nemelex Xobeh
 15349 | Lair:3   | Found a staircase to the Shoals.
 15865 | Lair:3   | a boulder beetle changed into a broodmother
 15865 | Lair:3   | Noticed a broodmother
 15866 | Lair:3   | a broodmother changed into a tarantella
 16105 | D:3      | Killed senseless's ghost
 16667 | Lair:4   | Reached ***** piety under Nemelex Xobeh
 16669 | Lair:4   | Received a gift from Nemelex Xobeh
 16720 | Lair:4   | Found a staircase to the Slime Pits.
 16752 | Lair:4   | Found a viscous altar of Jiyva.
 17318 | Lair:5   | Entered Level 5 of the Lair of Beasts
 18182 | Lair:5   | Reached skill level 10 in Invocations
 18262 | Lair:5   | Found a runed translucent door.
 18264 | Lair:5   | Noticed mn3067's ghost (journeyman GrGl)
 18352 | Lair:5   | Reached skill level 10 in Maces & Flails
 18437 | Lair:5   | Noticed a dire elephant
 18452 | Lair:5   | Killed a dire elephant
 18553 | Lair:5   | Received a gift from Nemelex Xobeh
 18672 | Lair:5   | Reached XP level 14. HP: 132/132 MP: 21/21
 19389 | Lair:5   | Killed mn3067's ghost
 19549 | D:8      | Bought a scroll of immolation for 44 gold pieces
 19549 | D:8      | Bought a scroll of immolation for 44 gold pieces
 19810 | D:11     | Reached skill level 5 in Throwing
 20211 | D:11     | Received a gift from Nemelex Xobeh
 20507 | D:12     | Noticed Fannar
 20513 | D:12     | Killed Fannar
 20631 | D:12     | Found a staircase to the Orcish Mines.
 21016 | D:12     | Received a gift from Nemelex Xobeh
 21022 | D:12     | Noticed Nergalle
 21053 | D:12     | Killed Nergalle
 21370 | D:12     | Noticed a purple very ugly thing
 21376 | D:12     | Killed a purple very ugly thing
 21654 | Orc:1    | Entered Level 1 of the Orcish Mines
 22076 | Orc:1    | Found Ruezilagogh's Book Boutique.
 22097 | Orc:1    | Noticed Gastronok
 22117 | Orc:1    | Killed Gastronok
 22264 | Orc:2    | Entered Level 2 of the Orcish Mines
 22849 | Orc:2    | Reached XP level 15. HP: 138/138 MP: 23/23
 22990 | Orc:2    | Reached skill level 10 in Evocations
 23030 | Orc:2    | Found Wong's Antique Weapon Boutique.
 23076 | Orc:2    | Found a staircase to the Elven Halls.
 23196 | Orc:2    | Received a gift from Nemelex Xobeh
 23238 | Orc:2    | Noticed Donald
 23248 | Orc:2    | Killed Donald
 23560 | Orc:2    | Found Tooll's Assorted Antiques.
 23560 | Orc:2    | Found Kituj's Book Boutique.
 23566 | Orc:2    | Found Mymerr's Assorted Antiques.
 23566 | Orc:2    | Found Xorecan's Armour Boutique.
 23698 | Orc:2    | Bought a small moonstone ring for 175 gold pieces
 23836 | Orc:2    | Bought a wand of mindburst (6) for 243 gold pieces
 24021 | D:5      | Bought a wand of iceblast (9) for 302 gold pieces
 24270 | D:13     | Received a gift from Nemelex Xobeh
 24582 | D:13     | Found a gate to the Vaults.
 24716 | D:13     | Reached skill level 1 in Polearms
 24752 | D:13     | Reached ****** piety under Nemelex Xobeh
 25461 | D:14     | Reached skill level 5 in Polearms
 25505 | D:14     | Received a gift from Nemelex Xobeh
 25673 | D:14     | Noticed Nessos
 25679 | D:14     | Killed Nessos
 25897 | D:14     | Found a white marble altar of Elyvilon.
 25897 | D:14     | Found a glowing golden altar of the Shining One.
 25898 | D:14     | Found a glowing silver altar of Zin.
 26035 | D:15     | Entered Level 15 of the Dungeon
 26138 | D:15     | Found an ancient bone altar of Kikubaaqudgha.
 26749 | D:15     | Received a gift from Nemelex Xobeh
 26871 | D:15     | Found a runed translucent door.
 26908 | D:15     | Noticed Penici's ghost (journeyman MiFi)
 27069 | D:15     | Found a staircase to the Depths.
 27277 | D:15     | Killed Penici's ghost
 27544 | Shoals:1 | Entered Level 1 of the Shoals
 27576 | Shoals:1 | Reached XP level 16. HP: 116/146 MP: 25/25
 27672 | Shoals:1 | Reached skill level 10 in Polearms
 27924 | Shoals:1 | Received a gift from Nemelex Xobeh
 28466 | Shoals:1 | Noticed Louise
 28482 | Shoals:1 | Killed Louise
 28903 | Shoals:2 | Received a gift from Nemelex Xobeh
 28940 | Shoals:2 | You fall into a shaft and drop 1 floor!
 29046 | Shoals:2 | Found Dotar's Self-Improvement Boutique.
 29757 | Shoals:3 | Received a gift from Nemelex Xobeh
 31017 | Shoals:4 | Entered Level 4 of the Shoals
 31072 | Shoals:4 | Received a gift from Nemelex Xobeh
 31370 | Shoals:4 | Got a barnacled rune of Zot
 32324 | Snake:1  | Entered Level 1 of the Snake Pit
 32505 | Snake:1  | Reached XP level 17. HP: 109/152 MP: 26/26
 32614 | Snake:1  | Learned a level 5 spell: Borgnjor's Vile Clutch
 32640 | Snake:1  | Received a gift from Nemelex Xobeh
 32941 | Snake:1  | Reached skill level 15 in Maces & Flails
 33021 | Snake:1  | Received a gift from Nemelex Xobeh
 33815 | Snake:2  | Received a gift from Nemelex Xobeh
 34216 | Snake:2  | Received a gift from Nemelex Xobeh
 34772 | Snake:3  | Identified the amulet of Tainkyn {RegenMP SInv}
 35055 | Snake:3  | Received a gift from Nemelex Xobeh
 35451 | Snake:4  | Entered Level 4 of the Snake Pit
 35451 | Snake:4  | Noticed Roxanne
 35518 | Snake:4  | Found a frozen archway.
 35527 | IceCv    | Entered an ice cave
 35633 | IceCv    | Reached XP level 18. HP: 161/161 MP: 1/27
 35791 | IceCv    | Received a gift from Nemelex Xobeh
 35806 | IceCv    | Identified the ring "Xuklov" {rElec rF- rC+ rN+++ Dex+3}
 35810 | IceCv    | Identified the amulet of Xom's Entertainment {rF- rC+
                  | Regen+ Dex+3 SInv}
 36297 | Snake:4  | Identified the +1 trident "Hyskucap" {flame, Int+2}
 36301 | Snake:4  | Killed Roxanne
 36316 | Snake:4  | Noticed Kirke
 36323 | Snake:4  | Killed Kirke
 36324 | Snake:4  | Reached skill level 15 in Fighting
 36558 | Snake:4  | Noticed Saint Roka
 36571 | Snake:4  | Killed Saint Roka
 37229 | Shoals:2 | Bought a manual of Fighting for 1040 gold pieces
 37579 | Snake:4  | Got a serpentine rune of Zot
 37912 | Vaults:1 | Entered Level 1 of the Vaults
 38046 | Vaults:1 | Received a gift from Nemelex Xobeh
 38192 | Vaults:1 | Identified the +2 pair of gloves "Xoguu" {rPois Will-
                  | Int+8}
 38192 | Vaults:1 | Noticed Nikola
 38221 | Vaults:1 | Killed Nikola
 38243 | Vaults:1 | Reached skill level 15 in Shields
 38544 | Orc:2    | Bought the +3 crown of Dyrovepreva {rElec Int+2 SInv} for
                  | 579 gold pieces
 38544 | Orc:2    | Found the +3 crown of Dyrovepreva {rElec Int+2 SInv}
 38968 | Vaults:1 | Found Edopakla's Armour Boutique.
 39086 | Vaults:1 | Reached XP level 19. HP: 103/172 MP: 29/29
 39279 | Vaults:1 | Received a gift from Nemelex Xobeh
 39781 | Vaults:1 | Paralysed by a great orb of eyes for 2 turns
 40752 | Vaults:2 | Received a gift from Nemelex Xobeh
 41220 | Vaults:2 | Found Veobem's Book Shop.
 41648 | Vaults:2 | Received a gift from Nemelex Xobeh
 41791 | Vaults:3 | Identified the +0 long sword of Amortisation {freeze,
                  | Int+2}
 41793 | Vaults:3 | Noticed Margery
 41815 | Vaults:3 | Killed Margery
 41879 | Vaults:3 | Reached skill level 5 in Stealth
 42551 | Vaults:3 | Reached skill level 15 in Invocations
 42599 | Vaults:3 | Received a gift from Nemelex Xobeh
 42856 | Vaults:3 | Received a gift from Nemelex Xobeh
 43248 | Vaults:3 | Found a staircase to the Crypt.
 43434 | Vaults:3 | You fall into a shaft and drop 1 floor!
 44058 | Vaults:4 | Reached XP level 20. HP: 188/189 MP: 31/31
 44072 | Vaults:4 | Identified the +4 sling of Watchfulness {antimagic, rPois
                  | rN+ Str-4 SInv}
 44417 | Vaults:4 | Received a gift from Nemelex Xobeh
 45130 | Vaults:4 | Received a gift from Nemelex Xobeh
 45623 | Slime:1  | Entered Level 1 of the Pits of Slime
 45665 | Slime:2  | Received a gift from Nemelex Xobeh
 46156 | Slime:5  | Entered Level 5 of the Pits of Slime
 46335 | Slime:5  | Found a viscous altar of Jiyva.
 46366 | Slime:5  | Noticed the Royal Jelly
 46379 | Slime:5  | Killed the Royal Jelly
 46390 | Slime:5  | Reached skill level 15 in Evocations
 46425 | Slime:5  | Identified the staff of conjuration "Mera" {rElec Will-
                  | Int+3 Dex+3}
 46472 | Slime:5  | Got a slimy rune of Zot
 46541 | Slime:5  | Identified the +4 falchion of Ifatagis {heavy, Contam rN++
                  | Int+3 SInv}
 46771 | Shoals:2 | Bought a manual of Earth Magic for 1040 gold pieces
 47020 | Depths:1 | Entered Level 1 of the Depths
 47142 | Depths:1 | Found an opulent altar of Gozag.
 47178 | Depths:1 | Reached skill level 1 in Earth Magic
 47203 | Depths:1 | Reached skill level 2 in Earth Magic
 47394 | Depths:1 | Reached skill level 3 in Earth Magic
 47414 | Depths:1 | Reached skill level 4 in Earth Magic
 47461 | Depths:1 | Found Jafinnetry's Magic Scroll Boutique.
 47507 | Depths:1 | Reached skill level 5 in Earth Magic
 47508 | Depths:1 | Received a gift from Nemelex Xobeh
 47959 | Depths:1 | Found a gateway to Hell.
 48004 | Depths:1 | Reached skill level 6 in Earth Magic
 48054 | Depths:1 | Reached XP level 21. HP: 104/201 MP: 33/33
 48998 | Depths:2 | Noticed Mara
 48999 | Depths:2 | Mara changed into Mara the doom hound
 48999 | Depths:2 | Noticed Mara
 49000 | Depths:2 | Mara the doom hound changed into Mara the green death
 49000 | Depths:2 | Noticed Mara
 49000 | Depths:2 | Mara the green death changed into Mara the shadow demon
 49000 | Depths:2 | Noticed Mara
 49003 | Depths:2 | Killed Mara the shadow demon
 49050 | Depths:2 | Reached skill level 7 in Earth Magic
 49115 | Depths:2 | Found a magical portal.
 49235 | WizLab   | Entered The Hall of the Hellbinder
 49252 | WizLab   | Reached skill level 8 in Earth Magic
 49502 | WizLab   | Reached skill level 9 in Earth Magic
 49656 | WizLab   | Got the Almanac of the Entourage
 49721 | WizLab   | Received a gift from Nemelex Xobeh
 49804 | WizLab   | Reached skill level 10 in Earth Magic
 49833 | WizLab   | Gained mutation: Your body sometimes deteriorates upon
                  | taking damage. [a neqoxec]
 49898 | WizLab   | Noticed Kioposuo
 49918 | WizLab   | Killed Kioposuo the Hellbinder
 49940 | WizLab   | Found a burning altar of Makhleb.
 49950 | WizLab   | Got the Compilation of Creation
 49951 | WizLab   | Identified the ring of Diofoikh {rF+ rN+ Int+6 SInv Stlth-}
 49955 | WizLab   | Identified the ring of Dityanie {EV+5 Dex+7 SInv Stlth-}
 50199 | Depths:2 | Reached skill level 11 in Earth Magic
 50217 | Depths:2 | Reached skill level 12 in Earth Magic
 50321 | Depths:2 | Reached skill level 13 in Earth Magic
 50338 | Depths:2 | Reached skill level 14 in Earth Magic
 50983 | Depths:2 | Received a gift from Nemelex Xobeh
 51180 | Depths:2 | Found a one-way gateway to a ziggurat.
 51219 | Depths:2 | Reached skill level 15 in Earth Magic
 51584 | Depths:2 | Found a one-way gate leading to the halls of Pandemonium.
 51954 | Depths:3 | Found Folig's Antique Weapon Boutique.
 52089 | Depths:3 | Found Nuquss's Book Boutique.
 52318 | Depths:3 | Found a glowing golden altar of the Shining One.
 52324 | Depths:3 | Received a gift from Nemelex Xobeh
 52512 | Depths:3 | Found a one-way gate to the infinite horrors of the Abyss.
 52676 | Depths:3 | Noticed a golden dragon
 52691 | Depths:3 | Killed a golden dragon
 53221 | Depths:3 | Identified the +7 flail "Buxutewk" {drain, rF+}
 53392 | Depths:3 | Noticed a juggernaut
 53407 | Depths:3 | Killed a juggernaut
 53769 | Depths:3 | Learned a level 5 spell: Lee's Rapid Deconstruction
 53800 | Depths:4 | Entered Level 4 of the Depths
 53818 | Depths:3 | Reached XP level 22. HP: 209/209 MP: 35/35
 54124 | Depths:4 | Noticed a golden dragon
 54144 | Depths:4 | Killed a golden dragon
 54232 | Depths:4 | Noticed a juggernaut
 54234 | Depths:4 | Reached skill level 16 in Earth Magic
 54256 | Depths:4 | Killed a juggernaut
 54257 | Depths:4 | Noticed a juggernaut
 54279 | Depths:4 | Killed a juggernaut
 54509 | Depths:4 | Reached skill level 10 in Throwing
 54536 | Depths:4 | Reached skill level 10 in Dodging
 55291 | Depths:4 | Received a gift from Nemelex Xobeh
 55546 | Depths:4 | Noticed Parghit
 55584 | Depths:4 | Killed Parghit
 55794 | Depths:4 | Reached skill level 17 in Earth Magic
 55867 | Depths:4 | Reached skill level 1 in Necromancy
 55956 | Depths:4 | Noticed a golden dragon
 56162 | Depths:4 | Killed a golden dragon
 56223 | Depths:4 | Found a gate to the Realm of Zot.
 56998 | Elf:1    | Entered Level 1 of the Elven Halls
 57422 | Elf:1    | Learned a level 4 spell: Petrify
 57425 | Elf:1    | Learned a level 2 spell: Blink
 57646 | Elf:1    | Reached skill level 1 in Translocations
 57710 | Elf:1    | Received a gift from Nemelex Xobeh
 58028 | Elf:1    | Got Sif Muna's Parchment of Supportive Kinetic Energy
 58177 | Elf:1    | Found Aleutrap's Jewellery Shop.
 58177 | Elf:1    | Found Viamiwah's Book Shoppe.
 58178 | Elf:1    | Found Puruhosy's Jewellery Shop.
 58190 | Elf:1    | Bought an amulet of regeneration for 420 gold pieces
 59310 | Elf:2    | Reached XP level 23. HP: 204/215 MP: 36/36
 59341 | Elf:2    | Received a gift from Nemelex Xobeh
 59661 | Elf:2    | Found a runed translucent gate.
 59662 | Elf:2    | Found a runed translucent gate.
 59662 | Elf:2    | Found a runed translucent gate.
 60040 | Elf:2    | Reached skill level 18 in Earth Magic
 61679 | Elf:3    | Entered Level 3 of the Elven Halls
 61686 | Elf:3    | Found a radiant altar of Vehumet.
 61722 | Elf:3    | Received a gift from Nemelex Xobeh
 62046 | Elf:3    | Found Aheupl Mema's General Store.
 62199 | Elf:3    | Received a gift from Nemelex Xobeh
 62648 | Elf:3    | Reached skill level 19 in Earth Magic
 63011 | Elf:3    | Found the necklace of Bloodlust {Fury *Rage Will++ Int-3
                  | Slay+6}
 63022 | Elf:3    | Identified the +2 lajatang of Kaoxkich {protect, *Rage
                  | rPois Dex+2}
 63137 | Elf:3    | Identified the +6 quarterstaff of Prudence {heavy, rElec
                  | rC+ Will- Stlth+}
 63139 | Elf:3    | Identified the +1 cloak "Vanaa" {MP+9 Stlth+}
 63149 | Elf:3    | Identified the +2 ring mail of Dokk {Will+ MP+9 Str+2
                  | Stlth+}
 63693 | Vaults:3 | Identified the +2 robe of Pan-Flutes {rF- Str+5 SInv}
 63733 | Crypt:1  | Entered Level 1 of the Crypt
 63953 | Crypt:1  | Reached skill level 20 in Earth Magic
 64535 | Crypt:1  | Received a gift from Nemelex Xobeh
 64694 | Crypt:2  | Noticed Vv
 64701 | Crypt:2  | Noticed Xtahua
 64704 | Crypt:2  | Killed Vv
 64708 | Crypt:2  | Killed Xtahua
 64840 | Crypt:2  | Reached skill level 21 in Earth Magic
 64845 | Crypt:2  | Identified the ring "Neoss" {Ice Will+ Stlth+}
 64845 | Crypt:2  | Noticed Josephina
 65003 | Crypt:2  | Killed Josephina
 65058 | Crypt:2  | Noticed Bai Suzhen
 65076 | Crypt:2  | Killed Bai Suzhen
 65630 | Crypt:2  | Reached XP level 24. HP: 179/224 MP: 28/36
 66268 | Crypt:2  | Received a gift from Nemelex Xobeh
 66989 | Orc:2    | Bought 2 potions of might for 232 gold pieces
 67169 | Vaults:2 | Bought a book of Geomancy for 342 gold pieces
 67407 | Shoals:2 | Bought a manual of Spellcasting for 1040 gold pieces
 67410 | Shoals:2 | Learned a level 2 spell: Passwall
 67717 | Crypt:3  | Entered Level 3 of the Crypt
 67797 | Crypt:3  | Reached skill level 1 in Spellcasting
 67830 | Crypt:3  | Reached skill level 22 in Earth Magic
 68247 | Crypt:3  | Found a basalt altar of Yredelemnul.
 68407 | Crypt:3  | Acquired 666 gold pieces
 68675 | Orc:1    | Bought a book of Annihilations for 780 gold pieces
 68685 | Orc:1    | Learned a level 9 spell: Shatter
 68976 | Crypt:3  | Received a gift from Nemelex Xobeh
 69025 | Crypt:3  | Reached skill level 5 in Spellcasting
 69093 | Crypt:3  | Identified the +9 arbalest of Certain Death {penet, rN+
                  | Str+3}
 69099 | Crypt:3  | Identified the +0 tower shield "Lezxadda" {rC+ rCorr
                  | Stlth+}
 69668 | Crypt:3  | Found a staircase to the Tomb.
 69668 | Crypt:3  | Noticed a dread lich
 69674 | Crypt:3  | Killed a dread lich
 69688 | Crypt:3  | Learned a level 6 spell: Leda's Unmaking
 69722 | Crypt:3  | Got the Compilation of Open Graves
 70313 | Zot:1    | Entered Level 1 of the Realm of Zot
 70838 | Zot:1    | Reached skill level 23 in Earth Magic
 71151 | Zot:1    | Noticed an orb of fire
 71241 | Zot:1    | Gained mutation: You are dopey. (Int -2) [an orb of fire]
 71256 | Zot:1    | Killed an orb of fire
 71393 | Zot:1    | Reached skill level 10 in Spellcasting
 71624 | Zot:1    | Noticed an orb of fire
 71656 | Zot:1    | Killed an orb of fire
 71993 | Zot:1    | Reached XP level 25. HP: 217/231 MP: 24/38
 72108 | Zot:1    | Received a gift from Nemelex Xobeh
 72229 | Zot:1    | Reached skill level 24 in Earth Magic
 72617 | Zot:1    | Identified the +3 pair of boots "Hiuffe" {Str+3 Int+4}
 74113 | Zot:2    | Received a gift from Nemelex Xobeh
 74346 | Zot:2    | Reached skill level 25 in Earth Magic
 74546 | Zot:2    | Received a gift from Nemelex Xobeh
 74798 | Zot:2    | Noticed a Killer Klown
 74818 | Zot:2    | Killed a Killer Klown
 75345 | Zot:3    | Received a gift from Nemelex Xobeh
 75675 | Zot:3    | Reached skill level 26 in Earth Magic
 76255 | Zot:3    | Received a gift from Nemelex Xobeh
 77436 | Zot:4    | Received a gift from Nemelex Xobeh
 77923 | Zot:4    | Reached skill level 27 in Earth Magic
 78274 | Zot:5    | Entered Level 5 of the Realm of Zot
 79209 | Zot:5    | Noticed an orb of fire
 79231 | Zot:5    | Gained mutation: You are weak. (Str -2) [an orb of fire]
 79238 | Zot:5    | Gained mutation: You have hidden genetic defects. [an orb
                  | of fire]
 79246 | Zot:5    | Gained mutation: You sometimes lose your temper in combat.
                  | [an orb of fire]
 79247 | Zot:5    | Killed an orb of fire
 79266 | Zot:5    | Lost mutation: You sometimes lose your temper in combat.
                  | [potion of mutation]
 79266 | Zot:5    | Lost mutation: You are weak. (Str -2) [potion of mutation]
 79266 | Zot:5    | Lost mutation: Your flesh is heat resistant. (rF+) [potion
                  | of mutation]
 79267 | Zot:5    | Lost mutation: You have hidden genetic defects. [potion of
                  | mutation]
 79267 | Zot:5    | Lost mutation: Your body sometimes deteriorates upon taking
                  | damage. [potion of mutation]
 79267 | Zot:5    | Gained mutation: Your spells are a little harder to cast,
                  | but a little more powerful. [potion of mutation]
 79267 | Zot:5    | Gained mutation: You are frail. (-10% HP) [potion of
                  | mutation]
 79311 | Zot:5    | Noticed an orb of fire
 79311 | Zot:5    | Gained mutation: You are vulnerable to heat. (rF-) [an orb
                  | of fire]
 79318 | Zot:5    | Identified the +2 demon trident "Ebeogul" {drain, rN+++
                  | Will- rCorr Str+5}
 79318 | Zot:5    | Gained mutation: You are very frail. (-20% HP) [an orb of
                  | fire]
 79336 | Zot:5    | Killed an orb of fire
 79344 | Zot:5    | Lost mutation: You are dopey. (Int -2) [potion of mutation]
 79344 | Zot:5    | Lost mutation: You are very frail. (-20% HP) [potion of
                  | mutation]
 79344 | Zot:5    | Lost mutation: Your spells are a little harder to cast, but
                  | a little more powerful. [potion of mutation]
 79344 | Zot:5    | Gained mutation: You possess an exceptional clarity of
                  | mind. [potion of mutation]
 79344 | Zot:5    | Lost mutation: You are frail. (-10% HP) [potion of
                  | mutation]
 79345 | Zot:5    | Lost mutation: You are vulnerable to heat. (rF-) [potion of
                  | mutation]
 79345 | Zot:5    | Lost mutation: You possess an exceptional clarity of mind.
                  | [potion of mutation]
 79345 | Zot:5    | Gained mutation: You are weak. (Str -2) [potion of
                  | mutation]
 79345 | Zot:5    | Gained mutation: Your flesh is heat resistant. (rF+)
                  | [potion of mutation]
 79345 | Zot:5    | Gained mutation: You are robust. (+10% HP) [potion of
                  | mutation]
 79345 | Zot:5    | Gained mutation: You have a pair of small antennae on your
                  | head. [potion of mutation]
 79491 | Zot:5    | Reached XP level 26. HP: 251/262 MP: 14/39
 79612 | Zot:5    | Noticed an orb of fire
 79634 | Zot:5    | Killed an orb of fire
 79833 | Zot:5    | Noticed an orb of fire
 79844 | Zot:5    | Noticed a dread lich
 79862 | Zot:5    | Killed a dread lich
 80234 | Zot:5    | Killed an orb of fire
 80256 | Zot:5    | Noticed an orb of fire
 80273 | Zot:5    | Gained mutation: You occasionally lose the ability to read
                  | scrolls when taking damage. [an orb of fire]
 80275 | Zot:5    | Lost mutation: Your flesh is heat resistant. (rF+) [potion
                  | of mutation]
 80275 | Zot:5    | Lost mutation: You are weak. (Str -2) [potion of mutation]
 80275 | Zot:5    | Gained mutation: You are clumsy. (Dex -2) [potion of
                  | mutation]
 80275 | Zot:5    | Lost mutation: You are clumsy. (Dex -2) [potion of
                  | mutation]
 80275 | Zot:5    | Gained mutation: You are strong-willed. (Will+) [potion of
                  | mutation]
 80275 | Zot:5    | Gained mutation: You possess an exceptional clarity of
                  | mind. [potion of mutation]
 80282 | Zot:5    | Lost mutation: You are robust. (+10% HP) [an orb of fire]
 80292 | Zot:5    | Gained mutation: You are dopey. (Int -2) [an orb of fire]
 80300 | Zot:5    | Killed an orb of fire
 80412 | Zot:5    | Lost mutation: You are dopey. (Int -2) [potion of mutation]
 80412 | Zot:5    | Lost mutation: You possess an exceptional clarity of mind.
                  | [potion of mutation]
 80412 | Zot:5    | Gained mutation: You are dopey. (Int -2) [potion of
                  | mutation]
 80412 | Zot:5    | Lost mutation: You occasionally lose the ability to read
                  | scrolls when taking damage. [potion of mutation]
 80412 | Zot:5    | Gained mutation: You have large cloven feet. [potion of
                  | mutation]
 80805 | Zot:5    | Noticed an orb of fire
 80808 | Zot:5    | Gained mutation: Potions are less effective at restoring
                  | your health. [an orb of fire]
 80811 | Zot:5    | Gained mutation: You are clumsy. (Dex -2) [an orb of fire]
 80817 | Zot:5    | Killed an orb of fire
 81309 | Zot:5    | Noticed an orb of fire
 81321 | Zot:5    | Killed an orb of fire
 81414 | Zot:5    | Noticed an orb of fire
 81414 | Zot:5    | Gained mutation: Your magical capacity is low. (-10% MP)
                  | [an orb of fire]
 81432 | Zot:5    | Gained mutation: You sometimes lose your temper in combat.
                  | [an orb of fire]
 81439 | Zot:5    | Killed an orb of fire
 81705 | Zot:5    | Lost mutation: You sometimes lose your temper in combat.
                  | [potion of mutation]
 81705 | Zot:5    | Lost mutation: You have large cloven feet. [potion of
                  | mutation]
 81705 | Zot:5    | Lost mutation: You have a pair of small antennae on your
                  | head. [potion of mutation]
 81918 | Zot:5    | Got the Orb of Zot
 81926 | Zot:5    | Noticed Fiawossa the pandemonium lord
 81931 | Zot:5    | Noticed an ancient lich
 81980 | Zot:3    | Noticed Daik the pandemonium lord
 82400 | D:1      | Noticed Liufic the pandemonium lord
 82414 | D:$      | Escaped with the Orb!

Illustrated notes

Levels and vault maps discovered:
D:1:      kennysheep_arrival_forest, layout_basic
D:2:      layout_loops_cross, basic_altar, uniq_jessica
D:3:      layout_basic, old_standard_altar, regret_index_temple_of_mockery,
          hellmonk_ecumenical_altar_zigzags, gammafunk_ghost_necromancy,
          st_stairs_10, kennysheep_decorative_pillar
D:4:      layout_gridville, mainiacjoe_overflow_catwalk_spiral, serial_shops,
          shop, minivault_1, hex_tiny, serial_bayou_pond_b, st_stairs_3
D:5:      kennysheep_spiral_hall, layout_rooms, serial_shops, shop,
          minmay_shop_mayhem, reono_crystal_passage, nrook_pool_corridor
D:6:      layout_loops_corners, old_standard_altar,
          minmay_temple_entry_statues_fountains
D:7:      layout_basic, mainiacjoe_overflow_six_doors_small,
          lightli_ossuary_entry_decrepit_ruins, serial_shops, shop
D:8:      layout_loops_ring, nicolae_overflow_hidden_temple, serial_shops,
          nicolae_shop_tiny_statue_garden, hangedman_decor_peaks_small,
          minivault_25, pf_guarded_unrand_woodcutter
D:9:      layout_basic, mainiacjoe_overflow_paths
D:10:     layout_roguey, dpeg_lair_monsters, enter_bailey_3
D:11:     layout_irregular_city, minmay_beelzebubs_servants
D:12:     cheibrodos_breeding_chamber, layout_loops_ring, orc_0_dummy,
          serial_demonic, serial_demonic_f, serial_demonic_d, serial_demonic_b,
          serial_demonic_b, uniq_fannar, uniq_nergalle
D:13:     layout_loops_ring, skrybe_vaults_entry_preservation,
          kennysheep_generic_room_11
D:14:     layout_loops_ring, good_gods_temple_1, nicolae_titane, uniq_nessos
D:15:     grunt_enter_depths_magical_seal, layout_irregular_city,
          ebering_ghost_inner_flame, nicolae_kikubaaqudgha_miasma_corner,
          hangedman_aviary
Temple:   dshaligram_water_room_temple
Lair:1:   layout_chaotic_city
Lair:2:   layout_chaotic_city, dummy_snake_entry, serial_bayou_shore_b,
          lemuel_fruit_tree, grunt_megastairs_2, serial_bayou_shore_b
Lair:3:   gammafunk_boulding_lane, layout_chaotic_city, elwin_shoals_entry_rooms
Lair:4:   layout_loops_ring, nicolae_slime_entry_field_trip,
          nicolae_quartered_pool_medium, chequers_serial_rivers_micro_e
Lair:5:   guppyfry_lair_end_dragon, layout_misc_corridors,
          hangedman_lair_caniforms_friends, serial_rivers,
          chequers_serial_rivers_micro_a, chequers_serial_rivers_micro_d,
          chequers_serial_rivers_micro_b, chequers_serial_rivers_room_a,
          chequers_serial_rivers_marsh, gammafunk_ghost_grave
Shoals:1: layout_shoals, uniq_louise
Shoals:2: layout_shoals, nicolae_shoals_seven_spires, nicolae_shop_self_help
Shoals:3: layout_shoals, nicolae_shoals_wave_tunnel
Shoals:4: shoals_end_grunt_garden, layout_shoals
Snake:1:  layout_gridlike, nicolae_triple_integral, grunt_megastairs_1
Snake:2:  layout_misc_corridors, drop_trap, nicolae_snake_double_loop,
          grunt_ministairs_2, st_stairs_13
Snake:3:  layout_misc_corridors
Snake:4:  snake_pit, layout_grid_shapes, portal_ice_cave_entry_pillars_three,
          uniq_saint_roka, uniq_kirke, uniq_roxanne
Slime:1:  layout_caves, special_room [special_room_jelly]
Slime:2:  cheibrodos_slime_lost_civilization_2, layout_caves,
          nicolae_slime_getting_an_eyeful
Slime:3:  layout_caves, basic_altar
Slime:4:  layout_caves, cheibrodos_slime_lost_civilization_7
Slime:5
Orc:1:    dreamdust_under_siege, layout_caves, serial_shops,
          nicolae_shop_peninsula, uniq_gastronok
Orc:2:    st_orc_mages, layout_diamond_mine, serial_shops,
          nicolae_shop_advertising_works [nicolae_subvault_shop_adworks],
          uniq_donald
Elf:1:    layout_geoelf_diagonals, minmay_elf_sorcery, minmay_shop_grove
Elf:2:    nicolae_elf_blades_crystal_corner, layout_loops_ring,
          grunt_ministairs_10
Elf:3:    minmay_elf_hall_spiked, layout_onion_city, serial_shops,
          nicolae_diamond_shop, basic_altar, minivault_5
Vaults:1: hangedman_vaults_stretched_pinwheel, nicolae_vaults_back_hallway,
          v_pattern_2, nicolae_vaults_diamond_1, v_rooms_3,
          hangedman_vaults_variations, nicolae_vaults_border_crossing,
          hangedman_vaults_trim, nicolae_vaults_storage_room_water,
          nicolae_vaults_ninety_degrees, st_cross,
          ontoclasm_vaults_decontamination, layout_vaults_omnicross,
          serial_shops, nicolae_shop_tiny_statue_garden, uniq_nikola
Vaults:2: v_misc_12, nicolae_vaults_stepped_doors, hangedman_vaults_impose,
          ontoclasm_vaults_pinch, vaults_room_ringed_pool, v_misc_27,
          nicolae_vaults_house_2, nicolae_vaults_little_squares_4,
          nicolae_vaults_little_squares_4, vaults_mumra_minichess,
          vaults_dpeg_ring, layout_vaults_ring, serial_shops,
          nicolae_shop_just_a_little_nook
Vaults:3: ontoclasm_vaults_loading_screen, v_misc_1, nicolae_vaults_prndl,
          nicolae_vaults_little_squares_4, vaults_dpeg_doors,
          minmay_crypt_entry_simple_round, grunt_vaults_hallway_short,
          nicolae_vaults_offset_grid_hallway_1, layout_vaults_omnigrid,
          uniq_margery
Vaults:4: nicolae_vaults_hallways_thing, nicolae_vaults_wrenched,
          ontoclasm_vaults_hangar, nicolae_vaults_turnstiles,
          vaults_room_large_hall, nicolae_vaults_little_squares_1,
          nicolae_vaults_network_periphery, nicolae_vaults_closet_pinwheel_5,
          nicolae_vaults_house_1, nicolae_vaults_network_star,
          nicolae_vaults_shrinking_rooms_1, vaults_room_octagon,
          vaults_dpeg_diagonal, vaults_mumra_lcd, nicolae_vaults_apartment_1,
          hangedman_vaults_corner_blocks, nicolae_vaults_asterisk,
          nicolae_vaults_storage_room_doors, layout_vaults_maze
Crypt:1:  layout_rooms
Crypt:2:  layout_basic, nicolae_crypt_stairs_room, grunt_megastairs_4,
          lemuel_elevator, uniq_bai_suzhen, uniq_xtahua, uniq_vv, uniq_josephina
Crypt:3:  grunt_crypt_end_deaths_head
Depths:1: layout_basic, grunt_mini_vestibule, serial_shops, shop_fountains,
          minmay_misc_feat_hallway, minmay_misc_feat_tiny, chequers_jeans,
          serial_sigils_hangedman_leer, lemuel_statue_altar,
          kennysheep_opposing_triangles
Depths:2: minmay_the_grid_four_pointed_star [minmay_the_grid_triangle_9x9_alien,
          minmay_the_grid_triangle_9x9_wacky_v,
          minmay_the_grid_triangle_9x9_limited_checkers,
          minmay_the_grid_triangle_9x9_windchime,
          minmay_the_grid_prize_inner_circle], layout_long_grid,
          enter_ziggurat_a, mu_enter_wizlab_3, rand_demon_pan_entry_8,
          hell_entry, chequers_serial_rivers_small_a, uniq_mara
Depths:3: kennysheep_scales, layout_cave_shapes, serial_shops,
          nicolae_shop_pleasant_corner_grove, hellmouth_1,
          kennysheep_big_empty_room, abyss_entry, nicolae_tso_carved_into_rock,
          minmay_shop_star, minmay_staircase_bubble
Depths:4: grunt_runaround [grunt_runaround_doors_1, grunt_runaround_doors_2,
          grunt_runaround_doors_3, grunt_runaround_doors_4,
          grunt_runaround_zot], pan_entry, hell_entry, uniq_parghit
Zot:1:    grunt_zot_stairs_mandelzot, layout_basic
Zot:2:    layout_basic
Zot:3:    layout_cathedral_of_symmetry, hangedman_zot_diagonal_lockstep
Zot:4:    layout_basic
Zot:5:    layout_onion, st_stairs_12

Skill      XL: |  1  2  3  4  5  6  7  8  9 10 11 12 13 14 15 16 17 18 19 20 21 22 23 24 25 26 |
---------------+-------------------------------------------------------------------------------+-----
Throwing       | 2 3 4 6 8 9 11 12 | 12.0
Fighting       | 3 4 7 8 10 11 12 14 16 18 20 | 20.0
Short Blades   | 3 |  3.4
Evocations     | 2 6 7 8 9 10 12 13 15 16 18 | 18.4
Maces & Flails | 1 5 6 8 10 14 16 | 16.0
Dodging        | 5 6 7 8 9 11 12 14 | 14.8
Invocations    | 5 6 8 10 11 12 14 15 17 18 20 | 20.0
Stealth        | 4 6 |  6.0
Transmutations | 4 |  4.0
Shields        | 4 7 9 10 11 12 13 15 16 | 16.2
Polearms       | 9 11 | 11.0
Earth Magic    | 6 15 17 21 23 27 | 27.0
Necromancy     | 4 |  4.0
Translocations | 2 4 |  4.0
Spellcasting   | 11 12 | 12.5

Action                     |  1- 3 |  4- 6 |  7- 9 | 10-12 | 13-15 | 16-18 | 19-21 | 22-24 | 25-27 || total
---------------------------+-------+-------+-------+-------+-------+-------+-------+-------+-------++-------
  Melee: Dagger            |    85 |    95 |   171 |     5 |     7 |       |       |       |       ||   363
         Tailslap          |     6 |    13 |    88 |   142 |   508 |   247 |   450 |   536 |   177 ||  2167
         Punch             |     2 |     1 |     8 |       |       |       |       |       |       ||    11
         Whip              |       |     6 |   284 |   709 |  2497 |   151 |       |       |       ||  3647
         Dire flail        |       |       |    53 |    79 |       |       |       |       |       ||   132
         Battleaxe         |       |       |       |     9 |       |       |       |       |       ||     9
         Spear             |       |       |       |    54 |       |       |       |       |       ||    54
         Flail             |       |       |       |    29 |    46 |       |       |       |       ||    75
         Eveningstar       |       |       |       |       |       |  1164 |  1718 |  1968 |   650 ||  5500
         Demon trident     |       |       |       |       |       |    23 |       |       |       ||    23
  Throw: Dart              |    19 |    13 |    15 |    67 |    94 |    17 |     1 |     1 |     8 ||   235
         Stone             |     3 |    16 |    38 |     7 |       |       |       |       |       ||    64
         Boomerang         |       |       |     2 |    28 |    49 |   118 |   129 |   162 |    73 ||   561
         Javelin           |       |       |       |       |     5 |    11 |     2 |     7 |       ||    25
         Throwing net      |       |       |       |       |       |       |     1 |       |     1 ||     2
   Cast: Wereblood         |       |       |       |     7 |       |       |     3 |       |       ||    10
         Borgnjor's Vile C |       |       |       |       |       |       |       |   131 |   131 ||   262
         Lee's Rapid Decon |       |       |       |       |       |       |       |    70 |     6 ||    76
         Leda's Unmaking   |       |       |       |       |       |       |       |    13 |    81 ||    94
         Shatter           |       |       |       |       |       |       |       |       |    12 ||    12
         Passwall          |       |       |       |       |       |       |       |       |     2 ||     2
 Invoke: Draw Destruction  |       |       |       |     3 |    32 |    30 |    27 |    15 |     4 ||   111
         Draw Summoning    |       |       |       |       |    10 |    11 |    13 |     5 |    14 ||    53
         Deal Four         |       |       |       |       |     1 |     5 |     8 |     9 |     4 ||    27
         Stack Five        |       |       |       |       |     1 |     1 |       |       |     1 ||     3
         Draw Stack        |       |       |       |       |       |     6 |     2 |     1 |     1 ||    10
Ability: Evoke Blink       |       |       |       |       |     1 |     3 |       |       |       ||     4
  Evoke: Wand              |       |     3 |     1 |     6 |    30 |    47 |    18 |    31 |    33 ||   169
         Tin of tremorston |       |       |       |       |     6 |     8 |     8 |    11 |     3 ||    36
         Lightning rod     |       |       |       |       |    13 |    21 |    23 |    20 |     3 ||    80
         Phial of floods   |       |       |       |       |     3 |     3 |     2 |     1 |     1 ||    10
         Phantom mirror    |       |       |       |       |     1 |     1 |       |     1 |       ||     3
    Use: Scroll            |     3 |     4 |     7 |     3 |    15 |    14 |    10 |    19 |    22 ||    97
         Potion            |       |     2 |     2 |     2 |     3 |     9 |     7 |     9 |    28 ||    62
   Stab: Sleeping          |     4 |     2 |    14 |     5 |     8 |     3 |     7 |     4 |       ||    47
         Paralysed         |       |     1 |       |     8 |    46 |     6 |     2 |    22 |    28 ||   113
         Distracted        |       |       |       |     1 |     3 |     1 |     8 |     1 |     1 ||    15
         Petrified         |       |       |       |       |    34 |       |       |       |       ||    34
         Confused          |       |       |       |       |     1 |       |       |       |     3 ||     4
         Held in net/web   |       |       |       |       |       |       |     1 |       |     1 ||     2
 Armour: Skin              |    30 |    39 |   208 |   306 |   820 |   394 |   436 |   396 |   213 ||  2842
  Dodge: Dodged            |    49 |    46 |   329 |   440 |   871 |   467 |   539 |   966 |   366 ||  4073
  Block: Buckler           |       |       |       |   105 |       |       |       |       |       ||   105
         Kite shield       |       |       |       |   110 |  1742 |   533 |  1181 |  1641 |   484 ||  5691
         Reflection        |       |       |       |       |    28 |   178 |    51 |    18 |       ||   275
         Tower shield      |       |       |       |       |       |   957 |   269 |       |       ||  1226

Table legend: (Time is in decaauts)
 A = Elapsed time spent in this place.
 B = Non-inter-level travel time spent in this place.
 C = Inter-level travel time spent in this place.
 D = Time resting spent in this place.
 E = Time spent auto-exploring this place.
 F = Levels seen in this place.
 G = Mean time per level.
                   A        B        C        D        E       F      G
               +--------+--------+--------+--------+--------+-----+--------+
         Total |  80448 |  69168 |  11280 |  13315 |  26235 |  59 | 1363.5 |
       Dungeon |  19636 |  15434 |   4202 |   1570 |   5596 |  15 | 1309.1 |
        Temple |     98 |     79 |     19 |      0 |     64 |   1 |   98.0 |
          Lair |   7245 |   6033 |   1212 |    719 |   2429 |   5 | 1449.0 |
        Shoals |   4975 |   4474 |    501 |    386 |   2442 |   4 | 1243.8 |
     Snake Pit |   5217 |   4381 |    836 |    701 |   1746 |   4 | 1304.2 |
    Slime Pits |    954 |    903 |     51 |    347 |      0 |   5 |  190.8 |
  Orcish Mines |   2880 |   1958 |    922 |     34 |    691 |   2 | 1440.0 |
   Elven Halls |   4805 |   4377 |    428 |    720 |   2356 |   3 | 1601.7 |
        Vaults |   7775 |   6193 |   1582 |    973 |   3085 |   4 | 1943.8 |
         Crypt |   4488 |   4072 |    416 |    522 |   1874 |   3 | 1496.0 |
        Depths |   9323 |   8342 |    981 |   3049 |   2180 |   4 | 2330.8 |
           Zot |  10978 |  10850 |    128 |   3752 |   3701 |   5 | 2195.6 |
       Ossuary |    312 |    312 |      0 |      4 |     31 |   1 |  312.0 |
        Bailey |    633 |    633 |      0 |     99 |      6 |   1 |  633.0 |
      Ice Cave |    326 |    326 |      0 |    151 |      0 |   1 |  326.0 |
        Wizlab |    795 |    795 |      0 |    287 |     34 |   1 |  795.0 |
               +--------+--------+--------+--------+--------+-----+--------+

Top non-repeatable levels by time:
   Zot:5: 3475 daAuts
Depths:4: 3219 daAuts
   Zot:1: 3014 daAuts
   Zot:3: 2169 daAuts
Depths:2: 2128 daAuts
     D:9: 2118 daAuts
Vaults:3: 2099 daAuts
Vaults:1: 2019 daAuts
Depths:1: 2012 daAuts
Depths:3: 1962 daAuts
 Crypt:2: 1913 daAuts
Vaults:2: 1911 daAuts
Vaults:4: 1745 daAuts
  Lair:5: 1744 daAuts
   Elf:3: 1742 daAuts
